 Dungeon Crawl Stone Soup version 0.29-a0-459-g97dee8cd24 (webtiles) character file.

Game seed: 9418707713788718373

1853 trckry the Reanimator (level 8, 0/52 HPs)
             Began as a Mummy Necromancer on May 20, 2022.
             Was an Initiate of Gozag.
             Slain by a wight
             ... wielding a +4 mace of freezing
              (9 damage)
             ... on level 5 of the Dungeon.
             The game lasted 00:22:12 (6343 turns).

trckry the Reanimator (Mummy Necromancer)           Turns: 6343, Time: 00:22:12

Health: 0/52       AC:  6    Str: 12    XL:     8   Next: 89%
Magic:  18/18      EV: 12    Int: 16    God:    Gozag
Gold:   275        SH:  0    Dex: 12    Spells: 9/20 levels left

rFire   x . .      SeeInvis .   x - +0 hand axe (elec)
rCold   + . .      Faith    .   (no shield)
rNeg    + + +      Spirit   .   a - +0 robe
rPois   ∞          Reflect  .   p - +0 helmet
rElec   .          Harm     .   j - +0 cloak
rCorr   .          Rampage  .   n - +0 pair of gloves
Will    +....                   D - +0 pair of boots
Stlth   ++........              l - amulet of regeneration
HPRegen 0.97/turn               y - ring of wizardry
MPRegen 0.16/turn               (no ring)

@: no status effects
A: cold resistance 1, negative energy resistance 3, torment resistance 2, heat
vulnerability 1, in touch with death 1, no potions
a: Renounce Religion, Potion Petition, Call Merchant, Bribe Branch


You were on level 5 of the Dungeon.
You worshipped Gozag.
Gozag was aware of your devotion.
You visited 1 branch of the dungeon, and saw 6 of its levels.
You also visited: Ossuary.

You collected 381 gold pieces.
You paid 106 gold pieces to Gozag.

Inventory:

Hand Weapons
 d - a +1 war axe of flaming
 o - a +0 scythe of protection
 r - a +2 dagger of flaming
 t - a +2 rapier of speed
 x - a +0 hand axe of electrocution (weapon)
Missiles
 B - 5 poisoned darts (quivered)
 C - a throwing net
Armour
 a - a +0 robe (worn)
 j - a +0 cloak (worn)
 n - a +0 pair of gloves (worn)
 p - a +0 helmet (worn)
 D - a +0 pair of boots (worn)
Jewellery
 l - an amulet of regeneration (around neck)
 y - a ring of wizardry (left hand)
Wands
 q - a wand of iceblast (10)
 z - a wand of paralysis (11)
Scrolls
 b - 2 scrolls of noise {unknown}
 c - 12 scrolls of identify {unknown}
 e - 7 scrolls of teleportation {unknown}
 f - a scroll of vulnerability {unknown}
 g - 2 scrolls of fog {unknown}
 h - a scroll of amnesia {unknown}
 i - 4 scrolls of blinking {unknown}
 k - 4 scrolls of fear {unknown}
 m - a scroll of acquirement {unknown}
 s - 2 scrolls of immolation {unknown}
 u - a scroll of enchant weapon {unknown}
 v - 2 scrolls of poison {unknown}
 w - a scroll of silence {unknown}


   Skills:
 - Level 1.5 Dodging
 - Level 1.5 Stealth
 + Level 6.7 Spellcasting
 + Level 3.6 Conjurations
 * Level 8.4 Necromancy
 - Level 3.0 Air Magic
 - Level 3.0 Poison Magic


You had 9 spell levels left.
You knew the following spells:

 Your Spells              Type           Power      Damage    Failure   Level
a - Necrotize             Necr           100%       1d9       1%          1
b - Vampiric Draining     Necr           48%        2d9       1%          3
c - Mephitic Cloud        Conj/Pois/Air  15%        N/A       4%          3
d - Animate Dead          Necr           48%        N/A       1%          4

Your spell library contained the following spells:

 Spells                   Type           Power      Damage    Failure   Level
 Magic Dart               Conj           68%        1d6       1%          1
 Agony                    Necr           48%        N/A       4%          5
 Apportation              Tloc           10%        N/A       5%          1
 Call Imp                 Summ           5%         N/A       8%          2
 Ignite Poison            Fire/Tmut/Pois 8%         N/A       11%         3
 Teleport Other           Tloc           5%         N/A       16%         3
 Flame Wave               Conj/Fire      11%        2d5       24%         4
 Iskenderun's Mystic Bla  Conj/Tloc      11%        2d4       24%         4
 Freezing Cloud           Conj/Ice/Air   6%         6-21      47%         5
 Disjunction              Tloc           2%         N/A       100%        8


Dungeon Overview and Level Annotations

Branches:
Dungeon (6/15)            Ossuary (visited)
 Temple: D:4-7

Altars:
Gozag
Makhleb
Sif Muna
The Shining One
Beogh


Innate Abilities, Weirdness & Mutations

You are immune to poison.
Your flesh is cold resistant. (rC+)
You are immune to negative energy. (rN+++)
You are immune to unholy pain and torment.
You are vulnerable to heat. (rF-)
You are in touch with the powers of death.
You do not drink.


Message History

The wight closely misses you.
You regained 2 hp, and now have 25/52 hp.
Throw: javelin
Press: ? - help, Q - select action, (/) - cycle Shift-Dir - straight line, f/p - wight
Aim: a wight, wielding a +0 short sword and wearing a +0 robe (almost destroyed, 56% to hit)
You throw a javelin.
The javelin pierces through the wight but does no damage.
The wight is heavily damaged.
The javelin pierces through the wight but does no damage.
The wight is almost destroyed.
The javelin pierces through the wight but does no damage.
The wight is almost destroyed.
The javelin pierces through the wight but does no damage.
The wight is heavily damaged.
The wight hits you with a +4 mace of freezing! x2
* * * LOW HITPOINT WARNING * * *
The wight freezes you.
* * * LOW HITPOINT WARNING * * *
You take 17 damage, and have 8/52 hp.
MASSIVE DAMAGE!!
Casting: Vampiric Draining (safe; 1% risk of failure)
Confirm with . or Enter, or press ? or * to list all spells.
You can't see any susceptible monsters within range! (Use Z to cast anyway.)
Casting: Vampiric Draining (safe; 1% risk of failure)
Confirm with . or Enter, or press ? or * to list all spells.
Okay, then.
Unknown command.
There is a stone staircase leading up here.
The wight hits you with a +4 mace of freezing.
* * * LOW HITPOINT WARNING * * *
You climb upwards.
There is a stone staircase leading down here.
You take 2 damage, and have 7/52 hp.
Your +0 scythe of protection goes still.
You hear the crackle of electricity.
x - a +0 hand axe of electrocution (weapon)
You hit the wight but do no damage.
The wight is heavily damaged.
The wight hits you with a +4 mace of freezing!
You die...
Your body crumbles into a pile of gold.

#.............# #.# #.#
##............# #.# #.#
###..........# #.# #.#
##..........# #.# #.#
##...........# #.# #.#
##..#.###..#### #.# #.#
...##.....## #.# #.#
....#..#### #### #.#
......## #####@## #.#
.#.....#####..#z..# #.#
.###.........##.♣.# #.#
.####.....<...#...# #.#
###.....<..)..##.## #.#
..........###.##.#######
...###....#
#.#...##...## .###
#....# #...♣....♣.<# .#
#....# ###...##))[##


You could see a wight.

Vanquished Creatures
  Sigmund (D:3)
  A water moccasin (D:4)
  An orc warrior (D:5)
  A centaur (D:5)
  An ogre (D:5)
  2 bullfrogs
  A scorpion (D:5)
  8 water moccasin zombies (Ossuary)
  4 hounds
  An orc priest (D:5)
  2 jellies (D:5)
  Jessica (D:3)
  Ijyb (D:3)
  An iguana (D:4)
  4 orc wizards
  2 mummies (Ossuary)
  Robin (D:3)
  8 adders
  An ufetubus (D:5)
  5 adder zombies (Ossuary)
  2 worms
  3 dart slugs
  37 orcs
  6 ball pythons
  10 endoplasms
  3 giant cockroaches
  12 goblins
  8 hobgoblins
  A jackal (D:2)
  4 quokkas
  6 bats
  A frilled lizard (D:1)
  6 gnoll zombies (Ossuary)
  5 hobgoblin zombies (Ossuary)
  12 kobolds
  4 kobold zombies (Ossuary)
  3 orc zombies (Ossuary)
  A quokka zombie (D:4)
  6 rats
  A rat zombie (D:4)
178 creatures vanquished.

Vanquished Creatures (collateral kills)
  A goblin (D:2)
1 creature vanquished.

Vanquished Creatures (others)
  5 orc zombies (D:5)
5 creatures vanquished.

Grand Total: 184 creatures vanquished

Notes
Turn   | Place    | Note
-------+----------+-------------------------------------------
     0 | D:1      | trckry the Mummy Necromancer began the quest for the Orb.
     0 | D:1      | Reached XP level 1. HP: 13/13 MP: 4/4
   278 | D:1      | Reached XP level 2. HP: 8/19 MP: 0/6
   570 | D:1      | Found a faded altar of an unknown god.
   865 | D:1      | Gained mutation: You are in touch with the powers of death.
                  | [Mummy growth]
   865 | D:1      | Reached XP level 3. HP: 24/24 MP: 3/7
  1419 | D:2      | You fall into a shaft and drop 1 floor!
  1470 | D:3      | Noticed Robin
  1522 | D:2      | Reached skill level 5 in Necromancy
  1598 | D:2      | Found a burning altar of Makhleb.
  2072 | D:2      | Reached XP level 4. HP: 30/30 MP: 6/9
  2165 | D:2      | Got the Almanac of Igneous Displacement
  2262 | D:2      | Learned a level 3 spell: Vampiric Draining
  2266 | D:2      | Learned a level 3 spell: Mephitic Cloud
  2290 | D:3      | Noticed Sigmund
  2853 | D:3      | Killed Sigmund
  2854 | D:3      | Reached skill level 1 in Conjurations
  2854 | D:3      | Reached skill level 1 in Air Magic
  2854 | D:3      | Reached skill level 1 in Poison Magic
  2854 | D:3      | Reached XP level 5. HP: 34/35 MP: 0/11
  2862 | D:3      | Killed Robin
  2863 | D:3      | Reached XP level 6. HP: 39/41 MP: 2/12
  3120 | D:3      | Noticed Jessica
  3131 | D:3      | Killed Jessica
  3166 | D:3      | Found a shimmering blue altar of Sif Muna.
  3342 | D:3      | Noticed Ijyb
  3353 | D:3      | Killed Ijyb
  3500 | D:4      | Found a sand-covered staircase.
  3516 | Ossuary  | Entered an ossuary
  3564 | Ossuary  | Reached skill level 6 in Necromancy
  3603 | Ossuary  | HP: 3/41 [water moccasin zombie (5)]
  3608 | Ossuary  | HP: 5/41 [water moccasin zombie (2)]
  3612 | Ossuary  | Reached XP level 7. HP: 4/46 MP: 14/14
  3614 | Ossuary  | HP: 5/46 [gnoll zombie (1)]
  3785 | Ossuary  | Reached skill level 5 in Spellcasting
  4087 | D:4      | Reached skill level 7 in Necromancy
  4204 | D:4      | Reached XP level 8. HP: 52/52 MP: 5/16
  4952 | D:5      | Entered Level 5 of the Dungeon
  5416 | D:5      | Found an opulent altar of Gozag.
  5565 | D:5      | Found a runed translucent door.
  5586 | D:5      | Learned a level 4 spell: Animate Dead
  5618 | D:5      | Reached skill level 8 in Necromancy
  6054 | D:5      | Became a worshipper of Gozag Ym Sagoz the Greedy
  6340 | D:6      | HP: 6/52 [wight/+4 mace of freezing (4)]
  6343 | D:5      | Slain by a wight

Illustrated notes

Levels and vault maps discovered:
D:1:      minmay_arrival_checkered_box, layout_loops_ring,
          hellmonk_ecumenical_altar_arch_garden, bh_walls_and_bars
D:2:      minmay_inner_zag, layout_loops_cross, basic_altar, minivault_25,
          nicolae_concentric_dashed_squares_wild, minmay_misc_feat_diagonals
D:3:      layout_loops_cross, tgw_sif, tso_altar, uniq_jessica, uniq_robin,
          uniq_sigmund, uniq_ijyb
D:4:      layout_gridville, enter_ossuary_4
D:5:      layout_rooms, mainiacjoe_overflow_alcove_1, grunt_ministairs_5,
          lightli_church_of_beogh
D:6:      layout_loops_ring, lemuel_doored_altar

Skill      XL: |  1  2  3  4  5  6  7  8 |
---------------+-------------------------+-----
Spellcasting   | 3 4 5 6 |  6.7
Necromancy     | 5 6 7 8 |  8.4
Conjurations   | 1 2 3 |  3.6
Air Magic      | 1 2 3 |  3.0
Poison Magic   | 1 2 3 |  3.0
Dodging        | |  1.5
Stealth        | |  1.5

Action                   |  1- 3 |  4- 6 |  7- 9 || total
-------------------------+-------+-------+-------++-------
Melee: Unarmed           |       |     2 |       ||     2
       Scythe            |       |    35 |   158 ||   193
       Rapier            |       |    65 |    63 ||   128
       Dagger            |       |     3 |    75 ||    78
       Punch             |       |     1 |     2 ||     3
       Hand axe          |       |       |     1 ||     1
Throw: Javelin           |       |       |    22 ||    22
 Cast: Necrotize         |    73 |    50 |    56 ||   179
       Vampiric Draining |       |     4 |    26 ||    30
       Animate Dead      |       |       |     1 ||     1
 Stab: Sleeping          |       |     2 |     4 ||     6
Armor: Robe              |     6 |    30 |   142 ||   178
Dodge: Dodged            |     7 |    79 |   274 ||   360

Table legend: (Time is in decaauts)
 A = Elapsed time spent in this place.
 B = Non-inter-level travel time spent in this place.
 C = Inter-level travel time spent in this place.
 D = Time resting spent in this place.
 E = Time spent auto-exploring this place.
 F = Levels seen in this place.
 G = Mean time per level.
                   A        B        C        D        E       F      G
               +--------+--------+--------+--------+--------+-----+--------+
         Total |   6519 |   6251 |    268 |    171 |   4357 |   7 |  931.3 |
       Dungeon |   6060 |   5792 |    268 |    112 |   4349 |   6 | 1010.0 |
       Ossuary |    458 |    458 |      0 |     59 |      8 |   1 |  458.0 |
               +--------+--------+--------+--------+--------+-----+--------+

Top non-repeatable levels by time:
     D:1: 1221 daAuts
     D:5: 1174 daAuts
     D:2: 1151 daAuts
     D:4: 1132 daAuts
     D:3: 1106 daAuts
 Ossuary: 458 daAuts
     D:6: 274 daAuts
